 Dungeon Crawl Stone Soup version 0.27.1-1-g398f81649c (console) character file.

Game seed: 11501722301088599389

18 om the Insei (level 2, -1/23 HPs)
             Began as a Gnoll Transmuter on Sept 10, 2021.
             Slain by a jackal (2 damage)
             ... on level 1 of the Dungeon.
             The game lasted 00:00:56 (565 turns).

om the Insei (Gnoll Transmuter)                      Turns: 565, Time: 00:00:56

Health: -1/23      AC:  2    Str:  9    XL:     2   Next: 70%
Magic:  7/7        EV: 13    Int: 12    God:
Gold:   0          SH:  0    Dex: 12    Spells: 9/10 levels left

rFire    . . .     SeeInvis .   d - +0 hand axe
rCold    . . .     Faith    .   (no shield)
rNeg     . . .     Spirit   .   a - +0 robe
rPois    .         Reflect  .   (no helmet)
rElec    .         Harm     .   (no cloak)
rCorr    .         Rampage  .   (no gloves)
Will     .....                  (no boots)
Stlth    +.........             (no amulet)
HPRegen  0.07/turn              (no ring)
MPRegen  0.10/turn              (no ring)

@: no status effects
A: fangs 1, strong nose, distributed training
a: no special abilities


You were on level 1 of the Dungeon.
You visited 1 branch of the dungeon, and saw 1 of its levels.

Inventory:

Hand Weapons
 d - a +0 hand axe (weapon)
Armour
 a - a +0 robe (worn)
Jewellery
 c - an amulet of reflection
 f - a ring of wizardry
Scrolls
 b - a scroll of noise {unknown}
 e - 2 scrolls of identify {unknown}


   Skills:
 + Level 2.5 Fighting
 + Level 0.5 Short Blades
 + Level 0.5 Long Blades
 + Level 0.5 Axes
 + Level 0.5 Maces & Flails
 + Level 0.5 Polearms
 + Level 0.5 Staves
 + Level 0.5 Slings
 + Level 0.5 Bows
 + Level 0.5 Crossbows
 + Level 0.5 Throwing
 + Level 0.5 Armour
 + Level 4.5 Dodging
 + Level 0.5 Stealth
 + Level 0.5 Shields
 + Level 6.5 Unarmed Combat
 + Level 4.9 Spellcasting
 + Level 0.3 Conjurations
 + Level 0.3 Hexes
 + Level 0.3 Summonings
 + Level 0.3 Necromancy
 + Level 0.3 Translocations
 + Level 3.7 Transmutations
 + Level 0.3 Fire Magic
 + Level 0.3 Ice Magic
 + Level 0.3 Air Magic
 + Level 0.3 Earth Magic
 + Level 0.3 Poison Magic
 + Level 0.6 Invocations
 + Level 0.5 Evocations


You had 9 spell levels left.
You knew the following spells:

 Your Spells              Type           Power      Damage    Failure   Level
a - Beastly Appendage     Tmut           22%        N/A       4%          1

Your spell library contained the following spells:

 Spells                   Type           Power      Damage    Failure   Level
 Wereblood                Tmut           11%        N/A       7%          2
 Spider Form              Tmut/Pois      3%         N/A       26%         3
 Ice Form                 Ice/Tmut       7%         N/A       65%         4


Dungeon Overview and Level Annotations

Branches:
Dungeon (1/15)

Altars:


Innate Abilities, Weirdness & Mutations

You have very sharp teeth.
Your uncanny sense of smell can sniff out nearby items.
Your experience applies equally to all skills.


Message History

Okay, then.
Unknown command.
The jackal closely misses you.
You barely miss the jackal. The jackal bites you. x2
You miss the jackal. Your headbutt misses the jackal.
You punch the jackal, but do no damage. You closely miss the jackal.
The jackal closely misses you. x2
The jackal bites you.
You closely miss the jackal. Your headbutt misses the jackal.
You hit the jackal. You closely miss the jackal. The jackal bites you.
The jackal completely misses you. The jackal closely misses you.
The jackal bites you. The jackal misses you. The jackal barely misses you.
You hit the jackal.
You kill the jackal!
You miss the jackal. You closely miss the jackal.
Your transformation is almost over.
The jackal bites you. x3; The jackal closely misses you.
You are too injured to fight recklessly!
You are too injured to fight recklessly!
You are too injured to fight recklessly!
You are too injured to fight recklessly!
You are too injured to fight recklessly!
You are too injured to fight recklessly!
You are too injured to fight recklessly!
You are too injured to fight recklessly!
You are too injured to fight recklessly!
You completely miss the jackal. Your kick misses the jackal.
You closely miss the jackal. The jackal barely misses you.
The jackal bites you.
* * * LOW HITPOINT WARNING * * *
The jackal closely misses you. The jackal barely misses you.
You closely miss the jackal. Your bite misses the jackal.
You barely miss the jackal. The jackal bites you.
* * * LOW HITPOINT WARNING * * *
The jackal barely misses you. The jackal bites you.
* * * LOW HITPOINT WARNING * * *
The jackal barely misses you.
Found 3 gold pieces.
The jackal bites you.
* * * LOW HITPOINT WARNING * * *
You barely miss the jackal.
Your horns disappear.
Your talons disappear.
The jackal bites you but does no damage.
The jackal closely misses you.
Found a stone staircase leading down.
The jackal bites you.
You die...

..### ##.#### ....#
#.....# ....# #.....#
# ....#
#.....####.##.# ....#
#.............# ###.#
#.............. #
#.#####......####.)#.
# #..................#
###..#########.#####.#
# .....# #h#####...#
.....# #.h@....$..
.....# #.###....>#
....## ### #.### ..###
# ###


You could see 2 jackals.

Vanquished Creatures
  An endoplasm (D:1)
  3 giant cockroaches (D:1)
  A goblin (D:1)
  4 hobgoblins (D:1)
  2 jackals (D:1)
  2 bats (D:1)
  A kobold (D:1)
  2 rats (D:1)
16 creatures vanquished.

Notes
Turn   | Place    | Note
-------+----------+-------------------------------------------
     0 | D:1      | om the Gnoll Transmuter began the quest for the Orb.
     0 | D:1      | Reached XP level 1. HP: 17/17 MP: 6/6
   180 | D:1      | Reached XP level 2. HP: 18/23 MP: 5/7
   562 | D:1      | HP: 1/23 [jackal (2)]
   565 | D:1      | Slain by a jackal

Illustrated notes

Levels and vault maps discovered:
D:1:      moated_graveyard_arrival, layout_basic, minivault_5, minivault_24

Action                   || total
-------------------------++-------
Melee: Unarmed           ||    11
       Hand axe          ||    27
       Headbutt          ||     2
       Bite              ||     1
       Kick              ||     3
       Punch             ||     1
 Cast: Beastly Appendage ||     8
Armor: Robe              ||    13
Dodge: Dodged            ||    41
